[ AOE2 MATCH · #504717753 ]
UnrankedVietnamese vs Mongols
Rival team · LOSS
[ REPLAY ANALYSIS · EXTRACTED FROM THE RECORDED GAME ]
Feudal
10:30
Castle
22:11
Imperial
—
| APM avg | 85.0 |
| APM peak | 176 |
| eAPM avg | 40.0 |
| Villagers / military | 141 / 101 |
Focus
⚔️ 43.2% · 🌾 56.8%
Fire Lancer ×57 · Archer ×11 · Skirmisher ×11 · Rattan Archer ×10 · Militia ×5 · Battering Ram ×4
Feudal
9:02
Castle
22:13
Imperial
—
| APM avg | 38.6 |
| APM peak | 59 |
| eAPM avg | 18.6 |
| Villagers / military | 77 / 71 |
Focus
⚔️ 42.5% · 🌾 57.5%
Skirmisher ×47 · Knight ×6 · Mangudai ×6 · Scorpion ×5 · Archer ×3 · Mangonel ×3
Match map
Initial resources + every placement click. Lines = walls · curves = elevation contours. ◆ gold · ⬟ stone · ● berries · ✦ relic · ◌ wall gap
Your base· Open — unwalled flank
xingxing's base· Open — 12t gap
Smoothed initial terrain · ◌ = detected wall gap · hover for details
Inputs per minute
— 我本善良 - - xingxing
Build order — 我本善良
First 150 of 397 actions detected
| 0:00 | Queue | Villager (Male) |
| 0:01 | Build | House |
| 0:03 | Build | House |
| 0:05 | Queue | Villager (Male) |
| 0:05 | Queue | Villager (Male) |
| 0:15 | Queue | Villager (Male) |
| 0:15 | Queue | Villager (Male) |
| 1:23 | Queue | Villager (Male) |
| 2:04 | Queue | Villager (Male) |
| 2:18 | Queue | Villager (Male) |
| 2:19 | Queue | Villager (Male) |
| 2:38 | Build | Barracks |
| 2:52 | Queue | Villager (Male) |
| 2:52 | Queue | Villager (Male) |
| 3:13 | Build | House |
| 3:19 | Queue | Villager (Male) |
| 3:27 | Queue | Villager (Male) |
| 3:41 | Queue | Militia |
| 4:00 | Queue | Militia |
| 4:01 | Queue | Militia |
| 4:15 | Queue | Villager (Male) |
| 4:27 | Queue | Militia |
| 4:27 | Queue | Militia |
| 4:28 | Build | House |
| 4:43 | Research | Loom |
| 5:05 | Queue | Villager (Male) |
| 5:19 | Queue | Villager (Male) |
| 5:26 | Build | Lumber Camp |
| 6:01 | Queue | Villager (Male) |
| 6:02 | Queue | Villager (Male) |
| 6:29 | Queue | Villager (Male) |
| 7:03 | Build | House |
| 7:08 | Queue | Villager (Male) |
| 7:31 | Build | Mill |
| 7:36 | Queue | Villager (Male) |
| 8:20 | Research | Feudal Age |
| 8:21 | Research | Feudal Age |
| 8:49 | Build | Mill |
| 9:08 | Queue | Villager (Male) |
| 9:11 | Build | Mining Camp |
| 10:30 | Age | Feudal Age |
| 10:35 | Build | Archery Range |
| 10:36 | Research | Double-Bit Axe |
| 10:38 | Research | Man-at-Arms (upgrade) |
| 10:41 | Queue | Villager (Male) |
| 10:55 | Build | Palisade Wall |
| 11:01 | Queue | Villager (Male) |
| 11:03 | Build | House |
| 11:12 | Build | House |
| 11:23 | Queue | Archer |
| 11:27 | Queue | Villager (Male) |
| 11:46 | Build | Farm |
| 11:48 | Queue | Villager (Male) |
| 11:51 | Build | House |
| 11:53 | Queue | Archer |
| 12:04 | Build | Palisade Wall |
| 12:07 | Queue | Skirmisher |
| 12:20 | Build | Palisade Wall |
| 12:20 | Build | Palisade Wall |
| 12:25 | Build | Palisade Wall |
| 12:26 | Build | Palisade Wall |
| 12:28 | Build | Palisade Wall |
| 12:31 | Queue | Villager (Male) |
| 12:38 | Queue | Skirmisher |
| 12:38 | Queue | Skirmisher |
| 12:57 | Queue | Skirmisher |
| 13:05 | Queue | Villager (Male) |
| 13:05 | Queue | Villager (Male) |
| 13:12 | Build | Palisade Wall |
| 13:18 | Queue | Villager (Male) |
| 13:20 | Build | Farm |
| 13:27 | Queue | Skirmisher |
| 13:55 | Build | Blacksmith |
| 14:00 | Queue | Skirmisher |
| 14:12 | Build | Palisade Wall |
| 14:16 | Build | Palisade Wall |
| 14:17 | Build | Palisade Wall |
| 14:23 | Queue | Villager (Male) |
| 14:26 | Build | Farm |
| 14:27 | Build | Farm |
| 14:31 | Queue | Archer |
| 14:58 | Queue | Villager (Male) |
| 15:00 | Build | Farm |
| 15:01 | Build | Farm |
| 15:09 | Queue | Skirmisher |
| 15:21 | Queue | Villager (Male) |
| 15:23 | Build | Farm |
| 15:30 | Build | Farm |
| 15:40 | Queue | Skirmisher |
| 15:43 | Queue | Villager (Male) |
| 15:58 | Build | Farm |
| 15:59 | Queue | Villager (Male) |
| 16:04 | Queue | Skirmisher |
| 16:13 | Build | Farm |
| 16:19 | Research | Fletching |
| 16:25 | Build | Farm |
| 16:31 | Queue | Archer |
| 16:39 | Build | House |
| 16:40 | Build | House |
| 16:43 | Queue | Villager (Male) |
| 16:48 | Build | Farm |
| 17:06 | Build | Farm |
| 17:08 | Queue | Archer |
| 17:13 | Build | House |
| 17:18 | Research | Padded Archer Armor |
| 17:25 | Queue | Villager (Male) |
| 17:28 | Build | Farm |
| 17:37 | Build | Farm |
| 18:04 | Queue | Villager (Male) |
| 18:13 | Queue | Villager (Male) |
| 18:28 | Queue | Skirmisher |
| 18:33 | Build | Market |
| 18:37 | Queue | Villager (Male) |
| 18:52 | Queue | Skirmisher |
| 19:31 | Research | Castle Age |
| 19:35 | Queue | Archer |
| 20:05 | Build | Archery Range |
| 20:30 | Research | Gold Mining |
| 20:31 | Research | Horse Collar |
| 20:41 | Queue | Archer |
| 20:52 | Build | Barracks |
| 20:56 | Queue | Villager (Male) |
| 20:58 | Research | Scale Mail Armor |
| 21:17 | Queue | Archer |
| 21:17 | Queue | Archer |
| 21:57 | Queue | Archer |
| 21:57 | Queue | Archer |
| 22:11 | Age | Castle Age |
| 22:12 | Queue | Fire Lancer |
| 22:12 | Queue | Fire Lancer |
| 22:13 | Research | Crossbowman (upgrade) |
| 22:20 | Build | House |
| 22:22 | Research | Bodkin Arrow |
| 22:22 | Research | Bodkin Arrow |
| 22:24 | Build | Town Center |
| 22:37 | Queue | Villager (Male) |
| 22:40 | Queue | Fire Lancer |
| 22:45 | Queue | Fire Lancer |
| 22:48 | Research | Squires |
| 22:49 | Research | Squires |
| 22:57 | Queue | Fire Lancer |
| 22:58 | Queue | Villager (Male) |
| 23:15 | Queue | Fire Lancer |
| 23:15 | Queue | Fire Lancer |
| 23:32 | Queue | Villager (Male) |
| 23:35 | Build | House |
| 23:37 | Research | Chain Mail Armor |
| 23:37 | Research | Chain Mail Armor |
| 23:50 | Build | Town Center |
| 24:00 | Queue | Fire Lancer |
Build order — xingxing
First 150 of 237 actions detected
| 0:01 | Queue | Villager (Male) |
| 0:02 | Queue | Villager (Male) |
| 0:02 | Queue | Villager (Male) |
| 0:02 | Queue | Villager (Male) |
| 0:04 | Build | House |
| 0:05 | Build | House |
| 1:24 | Queue | Villager (Male) |
| 1:59 | Queue | Villager (Male) |
| 2:16 | Queue | Villager (Male) |
| 2:22 | Build | Lumber Camp |
| 2:42 | Queue | Villager (Male) |
| 3:07 | Queue | Villager (Male) |
| 3:07 | Queue | Villager (Male) |
| 3:32 | Build | House |
| 3:46 | Queue | Villager (Male) |
| 4:20 | Queue | Villager (Male) |
| 4:46 | Queue | Villager (Male) |
| 4:53 | Research | Loom |
| 5:03 | Queue | Villager (Male) |
| 5:28 | Queue | Villager (Male) |
| 5:54 | Build | Mill |
| 5:59 | Build | Palisade Wall |
| 6:05 | Build | Palisade Wall |
| 6:13 | Queue | Villager (Male) |
| 6:24 | Build | House |
| 6:26 | Build | Palisade Wall |
| 6:42 | Build | Palisade Wall |
| 6:52 | Research | Feudal Age |
| 7:49 | Build | Barracks |
| 8:54 | Queue | Villager (Male) |
| 9:02 | Age | Feudal Age |
| 9:04 | Build | Archery Range |
| 9:07 | Research | Double-Bit Axe |
| 9:08 | Queue | Villager (Male) |
| 9:27 | Build | House |
| 9:29 | Queue | Villager (Male) |
| 9:33 | Queue | Spearman |
| 9:39 | Build | Farm |
| 9:47 | Queue | Archer |
| 9:52 | Build | Farm |
| 9:58 | Build | Farm |
| 10:03 | Queue | Skirmisher |
| 10:18 | Queue | Skirmisher |
| 10:24 | Build | Farm |
| 10:30 | Build | Mining Camp |
| 10:48 | Queue | Skirmisher |
| 10:55 | Queue | Villager (Male) |
| 10:57 | Build | Farm |
| 11:15 | Queue | Skirmisher |
| 11:29 | Queue | Villager (Male) |
| 11:31 | Build | House |
| 11:32 | Queue | Skirmisher |
| 11:52 | Queue | Skirmisher |
| 12:00 | Queue | Villager (Male) |
| 12:07 | Build | Blacksmith |
| 12:09 | Build | House |
| 12:19 | Queue | Villager (Male) |
| 12:23 | Build | House |
| 12:33 | Queue | Skirmisher |
| 12:57 | Queue | Villager (Male) |
| 13:09 | Build | House |
| 13:20 | Research | Fletching |
| 13:20 | Research | Fletching |
| 13:24 | Build | Farm |
| 13:38 | Queue | Archer |
| 13:43 | Queue | Villager (Male) |
| 13:46 | Build | Farm |
| 13:49 | Build | House |
| 14:08 | Queue | Skirmisher |
| 14:25 | Queue | Skirmisher |
| 14:28 | Build | House |
| 14:53 | Queue | Skirmisher |
| 15:00 | Queue | Villager (Male) |
| 15:00 | Queue | Villager (Male) |
| 15:12 | Build | Farm |
| 15:42 | Queue | Villager (Male) |
| 15:48 | Research | Horse Collar |
| 15:51 | Build | Farm |
| 15:59 | Queue | Villager (Male) |
| 16:05 | Build | Farm |
| 16:07 | Build | Farm |
| 16:10 | Build | Lumber Camp |
| 16:19 | Build | House |
| 16:22 | Build | House |
| 16:33 | Queue | Villager (Male) |
| 16:35 | Build | Farm |
| 16:39 | Queue | Skirmisher |
| 16:47 | Build | House |
| 16:49 | Build | Palisade Wall |
| 16:58 | Queue | Villager (Male) |
| 17:05 | Build | Palisade Wall |
| 17:09 | Queue | Skirmisher |
| 17:18 | Build | Palisade Wall |
| 17:27 | Build | Palisade Wall |
| 17:33 | Queue | Archer |
| 17:35 | Queue | Villager (Male) |
| 17:35 | Queue | Villager (Male) |
| 18:29 | Build | Farm |
| 18:38 | Build | House |
| 19:03 | Queue | Skirmisher |
| 19:10 | Build | Farm |
| 19:18 | Build | Stable |
| 19:33 | Research | Castle Age |
| 19:36 | Build | House |
| 19:50 | Queue | Skirmisher |
| 20:18 | Queue | Skirmisher |
| 20:46 | Build | House |
| 20:48 | Research | Scale Barding Armor |
| 20:49 | Queue | Skirmisher |
| 21:30 | Build | Farm |
| 21:50 | Queue | Skirmisher |
| 22:13 | Age | Castle Age |
| 22:17 | Research | Elite Skirmisher (upgrade) |
| 22:18 | Queue | Knight |
| 22:19 | Research | Bodkin Arrow |
| 22:21 | Queue | Villager (Male) |
| 22:21 | Queue | Villager (Male) |
| 22:24 | Build | Siege Workshop |
| 22:44 | Queue | Skirmisher |
| 22:46 | Queue | Knight |
| 23:04 | Queue | Knight |
| 23:14 | Queue | Villager (Male) |
| 23:15 | Queue | Mangonel |
| 23:23 | Queue | Villager (Male) |
| 23:29 | Queue | Knight |
| 23:49 | Queue | Skirmisher |
| 23:49 | Queue | Skirmisher |
| 24:14 | Queue | Skirmisher |
| 24:15 | Queue | Skirmisher |
| 24:28 | Queue | Villager (Male) |
| 24:28 | Queue | Villager (Male) |
| 24:28 | Queue | Villager (Male) |
| 24:33 | Build | House |
| 25:08 | Build | House |
| 25:26 | Queue | Villager (Male) |
| 25:33 | Research | Bow Saw |
| 25:34 | Research | Padded Archer Armor |
| 25:47 | Queue | Skirmisher |
| 25:49 | Queue | Mangonel |
| 26:20 | Queue | Knight |
| 26:23 | Queue | Skirmisher |
| 26:28 | Build | Farm |
| 26:34 | Queue | Villager (Male) |
| 26:34 | Queue | Villager (Male) |
| 26:40 | Queue | Mangonel |
| 27:40 | Queue | Villager (Male) |
| 27:41 | Queue | Villager (Male) |
| 27:42 | Build | University |
| 27:49 | Queue | Skirmisher |
| 27:49 | Queue | Skirmisher |
Match timeline
| 2:38 | 我本善良 · first_building Barracks |
| 5:59 | xingxing · wall_segment Palisade Wall x1 |
| 6:05 | xingxing · wall_segment Palisade Wall x1 |
| 6:26 | xingxing · wall_segment Palisade Wall x3 |
| 6:42 | xingxing · wall_segment Palisade Wall x5 |
| 7:49 | xingxing · first_building Barracks |
| 9:02 | xingxing · age_up feudal |
| 9:04 | xingxing · first_building Archery Range |
| 10:30 | 我本善良 · age_up feudal |
| 10:35 | 我本善良 · first_building Archery Range |
| 10:55 | 我本善良 · wall_segment Palisade Wall x7 |
| 12:04 | 我本善良 · wall_segment Palisade Wall x8 |
| 12:20 | 我本善良 · wall_segment Palisade Wall x2 |
| 12:20 | 我本善良 · wall_segment Palisade Wall x1 |
| 12:25 | 我本善良 · wall_segment Palisade Wall x12 |
| 12:26 | 我本善良 · wall_segment Palisade Wall x12 |
| 12:28 | 我本善良 · wall_segment Palisade Wall x1 |
| 13:12 | 我本善良 · wall_segment Palisade Wall x8 |
| 14:12 | 我本善良 · wall_segment Palisade Wall x1 |
| 14:16 | 我本善良 · wall_segment Palisade Wall x2 |
| 14:17 | 我本善良 · wall_segment Palisade Wall x1 |
| 16:49 | xingxing · wall_segment Palisade Wall x1 |
| 17:05 | xingxing · wall_segment Palisade Wall x9 |
| 17:18 | xingxing · wall_segment Palisade Wall x1 |
| 17:27 | xingxing · wall_segment Palisade Wall x5 |
| 19:18 | xingxing · first_building Stable |
| 19:22 | 我本善良 · first_market_buy 100 food |
| 19:24 | 我本善良 · first_market_sell 100 wood |
| 22:11 | 我本善良 · age_up castle |
| 22:13 | xingxing · age_up castle |
| 22:24 | xingxing · first_building Siege Workshop |
| 26:20 | 我本善良 · wall_segment Palisade Wall x1 |
| 27:56 | 我本善良 · first_building Monastery |
| 32:04 | 我本善良 · first_building Castle |
| 34:12 | 我本善良 · first_building Siege Workshop |
| 34:51 | 我本善良 · wall_segment Palisade Wall x4 |
| 34:52 | 我本善良 · wall_segment Palisade Wall x9 |
| 36:06 | xingxing · first_building Castle |
| 38:03 | xingxing · resign |
[ AI ANALYSIS · 1 CREDIT ]
What really happened in this match?
Wolo.gg analyzes every decision: build order, eco, micro, common mistakes by bracket. Personalized analysis on WhatsApp or Discord in 30 seconds.
Civ guide
Vietnamese
Perfil
Jugador #21227185